[ AOE2 MATCH · #505003623 ]
UnrankedTatars vs Koreans
Player's team · WIN
Rival team · LOSS
[ REPLAY ANALYSIS · EXTRACTED FROM THE RECORDED GAME ]
Feudal
9:20
Castle
20:41
Imperial
—
| APM avg | 43.3 |
| APM peak | 68 |
| eAPM avg | 19.2 |
| Villagers / military | 101 / 68 |
Focus
⚔️ 35.9% · 🌾 64.1%
Knight ×26 · Archer ×11 · Mangonel ×8 · Battering Ram ×8 · Cavalry Archer ×7 · Monk ×5
Feudal
11:14
Castle
21:18
Imperial
—
| APM avg | 46.2 |
| APM peak | 98 |
| eAPM avg | 22.5 |
| Villagers / military | 83 / 39 |
Focus
⚔️ 32.0% · 🌾 68.0%
War Wagon ×24 · Fire Lancer ×9 · Iron Pagoda ×5 · Spearman ×1
Match map
Initial resources + every placement click. Lines = walls · curves = elevation contours. ◆ gold · ⬟ stone · ● berries · ✦ relic · ◌ wall gap
Your base· Open — opponent sealed themselves in
Eray_'s base· ✓ Closed at 21:18 · 84t walls · no gate
Smoothed initial terrain · ◌ = detected wall gap · hover for details
Inputs per minute
— recplorer - - Eray_
Build order — recplorer
First 150 of 281 actions detected
| 0:00 | Queue | Villager (Male) |
| 0:01 | Build | House |
| 0:05 | Queue | Villager (Male) ×3 |
| 1:24 | Queue | Villager (Male) |
| 1:43 | Build | House |
| 1:45 | Queue | Villager (Male) |
| 2:12 | Build | House |
| 2:19 | Build | Lumber Camp |
| 2:19 | Queue | Villager (Male) |
| 2:47 | Queue | Villager (Male) |
| 2:54 | Queue | Villager (Male) |
| 3:32 | Queue | Villager (Male) |
| 4:00 | Queue | Villager (Male) |
| 4:15 | Queue | Villager (Male) |
| 4:38 | Queue | Villager (Male) |
| 5:06 | Queue | Villager (Male) |
| 5:19 | Queue | Villager (Male) |
| 5:28 | Build | Barracks |
| 5:38 | Research | Loom |
| 6:42 | Queue | Villager (Male) |
| 6:44 | Build | Mining Camp |
| 7:10 | Research | Feudal Age |
| 7:41 | Build | Mill |
| 7:44 | Queue | Militia |
| 7:47 | Build | House |
| 8:20 | Queue | Militia |
| 8:38 | Queue | Militia |
| 9:08 | Queue | Villager (Male) |
| 9:19 | Build | House |
| 9:20 | Age | Feudal Age |
| 9:24 | Research | Man-at-Arms (upgrade) |
| 9:27 | Build | Archery Range |
| 9:40 | Queue | Villager (Male) |
| 9:51 | Build | House |
| 10:06 | Queue | Villager (Male) |
| 10:20 | Queue | Archer |
| 10:20 | Queue | Archer |
| 10:26 | Queue | Villager (Male) |
| 10:55 | Research | Double-Bit Axe |
| 11:08 | Queue | Archer |
| 11:09 | Queue | Villager (Male) |
| 11:22 | Build | Mill |
| 11:23 | Queue | Archer |
| 11:40 | Queue | Villager (Male) |
| 11:44 | Queue | Archer |
| 11:50 | Queue | Villager (Male) |
| 12:00 | Queue | Villager (Male) |
| 12:06 | Queue | Archer |
| 12:12 | Build | House |
| 12:20 | Queue | Villager (Male) |
| 12:27 | Build | Farm |
| 12:28 | Build | Farm |
| 12:28 | Build | Farm |
| 12:29 | Build | Farm |
| 12:30 | Queue | Villager (Male) |
| 12:37 | Build | Watch Tower |
| 12:47 | Queue | Villager (Male) |
| 12:53 | Queue | Archer |
| 13:13 | Queue | Villager (Male) |
| 13:20 | Build | Mill |
| 13:22 | Queue | Villager (Male) |
| 13:40 | Queue | Villager (Male) |
| 13:46 | Build | House |
| 13:53 | Build | Farm |
| 13:55 | Build | Farm |
| 13:56 | Queue | Villager (Male) |
| 13:58 | Build | House |
| 13:59 | Queue | Villager (Male) |
| 14:22 | Build | Watch Tower |
| 14:23 | Queue | Villager (Male) |
| 14:38 | Build | Watch Tower |
| 14:49 | Build | Watch Tower |
| 14:53 | Queue | Villager (Male) |
| 15:05 | Queue | Archer |
| 15:06 | Queue | Archer |
| 15:34 | Build | Blacksmith |
| 15:35 | Queue | Villager (Male) |
| 15:55 | Build | House |
| 16:01 | Build | Farm |
| 16:02 | Build | Farm |
| 16:03 | Queue | Villager (Male) |
| 16:25 | Build | Mining Camp |
| 16:26 | Research | Fletching |
| 16:28 | Queue | Villager (Male) |
| 16:41 | Queue | Archer |
| 16:47 | Queue | Villager (Male) |
| 16:50 | Build | House |
| 17:32 | Queue | Villager (Male) |
| 17:49 | Research | Castle Age |
| 17:59 | Queue | Archer |
| 18:50 | Research | Horse Collar |
| 19:02 | Build | Lumber Camp |
| 19:39 | Queue | Villager (Male) |
| 19:59 | Research | Gold Mining |
| 20:41 | Age | Castle Age |
| 20:43 | Research | Bodkin Arrow |
| 20:44 | Research | Crossbowman (upgrade) |
| 20:45 | Queue | Villager (Male) |
| 20:48 | Build | Siege Workshop |
| 20:56 | Research | Bow Saw |
| 20:56 | Queue | Villager (Male) |
| 20:58 | Build | Lumber Camp |
| 21:16 | Build | Mining Camp |
| 21:17 | Queue | Villager (Male) |
| 21:34 | Queue | Battering Ram |
| 21:37 | Build | Outpost |
| 21:37 | Queue | Villager (Male) |
| 22:00 | Queue | Villager (Male) |
| 22:02 | Build | House |
| 22:22 | Queue | Battering Ram |
| 22:23 | Queue | Villager (Male) |
| 22:33 | Build | House |
| 22:36 | Queue | Villager (Male) |
| 22:38 | Queue | Battering Ram |
| 22:56 | Queue | Villager (Male) |
| 23:01 | Queue | Cavalry Archer |
| 23:01 | Queue | Cavalry Archer |
| 23:01 | Queue | Cavalry Archer |
| 23:18 | Queue | Villager (Male) |
| 23:21 | Queue | Battering Ram |
| 23:23 | Build | House |
| 23:26 | Queue | Villager (Male) |
| 23:47 | Build | Farm |
| 23:47 | Queue | Villager (Male) |
| 23:49 | Build | House |
| 23:51 | Queue | Villager (Male) |
| 24:03 | Queue | Villager (Male) |
| 24:05 | Queue | Villager (Male) |
| 24:09 | Queue | Villager (Male) |
| 24:15 | Queue | Battering Ram |
| 24:17 | Queue | Villager (Male) |
| 24:25 | Queue | Villager (Male) |
| 24:46 | Queue | Villager (Male) |
| 24:52 | Queue | Villager (Male) |
| 25:09 | Queue | Villager (Male) |
| 25:24 | Queue | Villager (Male) |
| 25:34 | Queue | Villager (Male) |
| 25:40 | Build | Stable |
| 25:47 | Build | Farm |
| 25:47 | Build | Farm |
| 25:48 | Build | Farm |
| 25:49 | Queue | Mangonel |
| 25:49 | Queue | Mangonel |
| 26:33 | Queue | Villager (Male) |
| 26:36 | Queue | Villager (Male) |
| 26:43 | Queue | Villager (Male) |
| 26:51 | Queue | Villager (Male) |
| 27:08 | Queue | Knight |
| 27:08 | Queue | Knight |
| 27:10 | Build | Stable |
Build order — Eray_
First 150 of 204 actions detected
| 0:00 | Queue | Villager (Male) |
| 0:00 | Queue | Villager (Male) |
| 0:01 | Queue | Villager (Male) |
| 0:02 | Build | House |
| 0:03 | Build | House |
| 0:10 | Queue | Villager (Male) |
| 0:10 | Queue | Villager (Male) |
| 0:10 | Queue | Villager (Male) |
| 1:28 | Queue | Villager (Male) |
| 1:28 | Queue | Villager (Male) |
| 1:39 | Build | Lumber Camp |
| 2:02 | Queue | Villager (Male) |
| 2:02 | Queue | Villager (Male) |
| 2:02 | Queue | Villager (Male) |
| 2:24 | Queue | Villager (Male) |
| 2:24 | Queue | Villager (Male) |
| 2:52 | Queue | Villager (Male) |
| 2:52 | Queue | Villager (Male) |
| 3:06 | Build | House |
| 3:07 | Queue | Villager (Male) |
| 3:07 | Queue | Villager (Male) |
| 3:23 | Build | Palisade Wall |
| 3:40 | Queue | Villager (Male) |
| 3:40 | Queue | Villager (Male) |
| 3:54 | Queue | Villager (Male) |
| 3:54 | Queue | Villager (Male) |
| 4:34 | Queue | Villager (Male) |
| 4:34 | Queue | Villager (Male) |
| 4:55 | Queue | Villager (Male) |
| 4:55 | Queue | Villager (Male) |
| 4:57 | Build | Palisade Wall |
| 4:59 | Build | Palisade Wall |
| 5:15 | Build | Palisade Wall |
| 5:16 | Build | Palisade Wall |
| 5:23 | Queue | Villager (Male) |
| 5:23 | Queue | Villager (Male) |
| 5:43 | Queue | Villager (Male) |
| 5:43 | Queue | Villager (Male) |
| 6:06 | Build | Barracks |
| 6:15 | Queue | Villager (Male) |
| 6:15 | Queue | Villager (Male) |
| 6:27 | Build | House |
| 6:33 | Queue | Villager (Male) |
| 6:44 | Research | Loom |
| 6:44 | Research | Loom |
| 7:07 | Build | House |
| 7:16 | Queue | Villager (Male) |
| 7:20 | Build | Palisade Wall |
| 7:25 | Queue | Villager (Male) |
| 7:59 | Build | Palisade Wall |
| 8:08 | Queue | Villager (Male) |
| 8:25 | Queue | Villager (Male) |
| 8:50 | Build | Mining Camp |
| 9:04 | Research | Feudal Age |
| 9:04 | Research | Feudal Age |
| 9:33 | Build | Palisade Wall |
| 9:54 | Build | Mill |
| 9:57 | Queue | Villager (Male) |
| 10:29 | Queue | Villager (Male) |
| 11:14 | Age | Feudal Age |
| 11:16 | Queue | Villager (Male) |
| 11:24 | Build | Watch Tower |
| 11:25 | Build | Farm |
| 11:26 | Build | Farm |
| 11:33 | Build | Stone Wall |
| 11:36 | Build | Stone Wall |
| 11:46 | Build | Stone Wall |
| 11:48 | Queue | Villager (Male) |
| 11:54 | Build | Stone Wall |
| 11:56 | Build | Farm |
| 12:03 | Queue | Spearman |
| 12:12 | Queue | Villager (Male) |
| 12:14 | Build | Farm |
| 12:22 | Build | Stone Wall |
| 12:36 | Queue | Villager (Male) |
| 12:44 | Build | Farm |
| 13:04 | Build | Stone Wall |
| 13:05 | Queue | Villager (Male) |
| 13:30 | Build | Stone Wall |
| 13:31 | Build | Stone Wall |
| 13:36 | Build | Stone Wall |
| 13:36 | Build | Stone Wall |
| 13:37 | Build | Stone Wall |
| 13:37 | Build | Stone Wall |
| 13:45 | Queue | Villager (Male) |
| 13:45 | Queue | Villager (Male) |
| 13:47 | Build | Farm |
| 13:48 | Build | Farm |
| 14:16 | Build | House |
| 14:31 | Build | Watch Tower |
| 14:39 | Research | Town Watch |
| 14:40 | Research | Town Watch |
| 15:02 | Queue | Villager (Male) |
| 15:23 | Queue | Villager (Male) |
| 15:24 | Build | House |
| 15:33 | Build | House |
| 15:37 | Queue | Villager (Male) |
| 16:02 | Queue | Villager (Male) |
| 16:16 | Queue | Villager (Male) |
| 16:18 | Build | Blacksmith |
| 16:23 | Queue | Villager (Male) |
| 16:48 | Queue | Villager (Male) |
| 17:04 | Queue | Villager (Male) |
| 17:21 | Queue | Villager (Male) |
| 17:26 | Queue | Villager (Male) |
| 17:32 | Build | Market |
| 17:35 | Queue | Villager (Male) |
| 18:04 | Queue | Villager (Male) |
| 18:14 | Build | Stone Wall |
| 18:17 | Build | Stone Wall |
| 18:22 | Build | Watch Tower |
| 18:33 | Research | Castle Age |
| 18:33 | Research | Castle Age |
| 19:43 | Research | Double-Bit Axe |
| 19:43 | Research | Double-Bit Axe |
| 19:43 | Research | Double-Bit Axe |
| 19:47 | Build | Mining Camp |
| 20:29 | Build | Stone Wall |
| 20:53 | Research | Fletching |
| 20:53 | Research | Fletching |
| 21:18 | Age | Castle Age |
| 21:26 | Build | Castle |
| 21:43 | Queue | Villager (Male) |
| 21:43 | Queue | Villager (Male) |
| 21:43 | Queue | Villager (Male) |
| 21:46 | Research | Bodkin Arrow |
| 21:46 | Research | Bodkin Arrow |
| 22:16 | Queue | Villager (Male) |
| 22:50 | Queue | Fire Lancer |
| 22:51 | Queue | Fire Lancer |
| 23:08 | Queue | Fire Lancer |
| 23:09 | Queue | Fire Lancer |
| 23:28 | Queue | Villager (Male) |
| 23:28 | Queue | Villager (Male) |
| 23:33 | Build | Lumber Camp |
| 23:44 | Queue | Fire Lancer |
| 23:44 | Queue | Fire Lancer |
| 23:44 | Queue | Fire Lancer |
| 24:04 | Research | Scale Mail Armor |
| 24:05 | Research | Scale Mail Armor |
| 24:10 | Queue | Fire Lancer |
| 24:19 | Queue | War Wagon |
| 24:33 | Queue | Fire Lancer |
| 24:58 | Queue | Villager (Male) |
| 25:00 | Queue | War Wagon |
| 25:01 | Queue | War Wagon |
| 25:13 | Build | Siege Workshop |
| 25:30 | Build | Farm |
| 25:36 | Queue | Iron Pagoda |
| 25:44 | Queue | War Wagon |
Match timeline
| 3:23 | Eray_ · wall_segment Palisade Wall x14 |
| 4:57 | Eray_ · wall_segment Palisade Wall x1 |
| 4:59 | Eray_ · wall_segment Palisade Wall x1 |
| 5:15 | Eray_ · wall_segment Palisade Wall x1 |
| 5:16 | Eray_ · wall_segment Palisade Wall x1 |
| 5:28 | recplorer · first_building Barracks |
| 6:06 | Eray_ · first_building Barracks |
| 7:20 | Eray_ · wall_segment Palisade Wall x11 |
| 7:59 | Eray_ · wall_segment Palisade Wall x14 |
| 9:20 | recplorer · age_up feudal |
| 9:27 | recplorer · first_building Archery Range |
| 9:33 | Eray_ · wall_segment Palisade Wall x1 |
| 11:14 | Eray_ · age_up feudal |
| 11:33 | Eray_ · wall_segment Stone Wall x4 |
| 11:36 | Eray_ · wall_segment Stone Wall x3 |
| 11:46 | Eray_ · wall_segment Stone Wall x10 |
| 11:54 | Eray_ · wall_segment Stone Wall x14 |
| 12:22 | Eray_ · wall_segment Stone Wall x3 |
| 13:04 | Eray_ · wall_segment Stone Wall x3 |
| 13:30 | Eray_ · wall_segment Stone Wall x1 |
| 13:31 | Eray_ · wall_segment Stone Wall x1 |
| 13:36 | Eray_ · wall_segment Stone Wall x1 |
| 13:36 | Eray_ · wall_segment Stone Wall x1 |
| 13:37 | Eray_ · wall_segment Stone Wall x1 |
| 13:37 | Eray_ · wall_segment Stone Wall x1 |
| 18:14 | Eray_ · wall_segment Stone Wall x1 |
| 18:17 | Eray_ · wall_segment Stone Wall x1 |
| 18:30 | Eray_ · first_market_sell 100 stone |
| 20:29 | Eray_ · wall_segment Stone Wall x1 |
| 20:41 | recplorer · age_up castle |
| 20:48 | recplorer · first_building Siege Workshop |
| 21:18 | Eray_ · age_up castle |
| 21:26 | Eray_ · first_building Castle |
| 23:30 | Eray_ · first_market_buy 100 wood |
| 25:13 | Eray_ · first_building Siege Workshop |
| 25:40 | recplorer · first_building Stable |
| 28:31 | recplorer · first_building Monastery |
| 38:10 | Eray_ · resign |
[ AI ANALYSIS · 1 CREDIT ]
What really happened in this match?
Wolo.gg analyzes every decision: build order, eco, micro, common mistakes by bracket. Personalized analysis on WhatsApp or Discord in 30 seconds.
Civ guide
Tatars
Perfil
Jugador #25868614